 Dungeon Crawl Stone Soup version 0.21-a0-513-gdcb3f5e (webtiles) character file.

152 sagitran the Grasshopper (level 5, -1/26 HPs)
             Began as a Spriggan Warper on Nov 30, 2017.
             Slain by Gwenloh's ghost (5 damage)
             ... on level 3 of the Dungeon on Dec 1, 2017.
             The game lasted 00:22:18 (4421 turns).

sagitran the Grasshopper (Spriggan Warper)          Turns: 4421, Time: 00:22:18

Health: -1/26      AC:  2    Str:  7    XL:     5   Next: 11%
Magic:  8/11       EV: 25    Int: 15    God:
Gold:   156        SH:  0    Dex: 21    Spells: 1/11 levels left

rFire    . . .     SeeInvis +   a - +0 short sword
rCold    . . .     Gourm    .   (shield restricted)
rNeg     . . .     Faith    .   b - +0 robe
rPois    +         Spirit   .   (helmet restricted)
rElec    .         Reflect  .   (no cloak)
rCorr    .         Harm     .   (gloves unavailable)
MR       .....                  (boots unavailable)
Stlth    +++.......             (no amulet)
HPRegen  0.08/turn              o - ring of poison resistance
MPRegen  0.12/turn              (no ring)

@: agile, flying, very quick
A: very small, unfitting armour, see invisible, herbivore 3, speed 3, slow
metabolism 2
a: no special abilities


You were on level 3 of the Dungeon.
You were not hungry.

You visited 1 branch of the dungeon, and saw 3 of its levels.

You collected 156 gold pieces.

Inventory:

Hand Weapons
 a - a +0 short sword (weapon)
 p - a +0 hunting sling
Missiles
 e - 5 tomahawks of dispersal
 j - 86 stones (quivered)
Armour
 b - a +0 robe (worn)
Jewellery
 o - a ring of poison resistance (left hand)
Scrolls
 d - 2 scrolls of blinking
 g - a scroll of amnesia
 h - 2 scrolls of identify
 l - 6 scrolls of teleportation
 m - 2 scrolls of remove curse
 r - a scroll of enchant weapon
Potions
 i - a potion of agility
 n - 2 potions of magic
 q - a potion of flight
Books
 c - a book of Spatial Translocations

   Spells                             Type                      Level
   a - Blink                          Translocation                2
   b - Shroud of Golubria             Charms/Translocation         2
   c - Lesser Beckoning               Translocation                3
   d - Gell's Gravitas                Translocation                3
   e - Teleport Other                 Translocation                3
   f - Passage of Golubria            Translocation                4
Comestibles
 f - a bread ration
 k - a royal jelly


   Skills:
 + Level 2.0 Fighting
 + Level 4.0 Short Blades
 + Level 0.1(0.6) Slings
 + Level 1.0 Throwing
 + Level 4.4 Dodging
 + Level 1.0 Stealth
 + Level 3.5 Spellcasting
 + Level 1.1 Charms
 + Level 5.1 Translocations


You had one spell level left.
You knew the following spells:

 Your Spells              Type           Power        Failure   Level  Hunger
a - Blink                 Tloc           N/A          3%          2    ##.....
b - Shroud of Golubria    Chrm/Tloc      ##........   8%          2    ##.....
c - Gell's Gravitas       Tloc           ###.......   7%          3    ###....
d - Teleport Other        Tloc           ###.....     7%          3    ###....


Dungeon Overview and Level Annotations

Branches:
Dungeon (3/15)

Altars:
Ashenzari
Elyvilon
Hepliaklqana
Nemelex Xobeh
The Shining One

Annotations:
D:3 Gwenloh's ghost, amateur HuWr


Innate Abilities, Weirdness & Mutations

You are very small and have problems with some larger weapons.
You are too small for most types of armour.
You have supernaturally acute eyesight. (SInv)
You are a herbivore.
You cover ground extremely quickly.
You need consume almost no food.


Message History

You feel very buoyant.
You fly up into the air.
Okay, then.
Casting: Shroud of Golubria
Confirm with . or Enter, or press ? or * to list all spells.
Space distorts slightly along a thin shroud covering your body.
Okay, then.
Okay, then.
You see here a leather armour.
Gwenloh's ghost barely misses you.
You hit Gwenloh's ghost but do no damage.
Gwenloh's ghost is moderately damaged.
You hit Gwenloh's ghost.
Gwenloh's ghost is heavily damaged.
Gwenloh's ghost barely misses you.
You barely miss Gwenloh's ghost.
Gwenloh's ghost is heavily damaged.
Gwenloh's ghost stares at you. Gwenloh's ghost hits you.
You die...

####### #.....# #######.....#
............#### #######........#
#######.....##.##################
..........####...............<..#
###)...........W@..[......#####.#
#.##########.##########.#####.#
#.##.........# #.......#
###.##.#######W## #.#######
.......######...### #.#
.......#......#...# #.#
....#<##.####...#.# #.#
..###.##.# ##.##.# #.# ......##.#
#.##.# #.#


You could see Gwenloh's ghost.

Vanquished Creatures
  Terence (D:3)
  5 adders
  2 oozes (D:3)
  A dart slug (D:1)
  2 leopard geckos
  5 orcs
  A bat zombie (D:3)
  13 giant cockroaches
  5 goblins
  5 hobgoblins
  4 jackals
  4 ball pythons
  6 bats
  2 frilled lizards
  3 kobolds
  4 rats
  A rat zombie (D:3)
64 creatures vanquished.

Notes
Turn   | Place    | Note
-------+----------+-------------------------------------------
     0 | D:1      | sagitran the Spriggan Warper began the quest for the Orb.
     0 | D:1      | Reached XP level 1. HP: 10/10 MP: 5/5
   341 | D:1      | Reached XP level 2. HP: 13/14 MP: 6/6
   373 | D:1      | Learned a level 2 spell: Blink
   376 | D:1      | Learned a level 2 spell: Shroud of Golubria
   412 | D:1      | Upgraded the game from 0.21-a0-509-gecc5317 to 0.21-a0-513-gdcb3f5e
   931 | D:2      | Found a shattered altar of Ashenzari.
  1372 | D:2      | Reached XP level 3. HP: 13/18 MP: 4/8
  1377 | D:2      | Learned a level 3 spell: Gell's Gravitas
  1667 | D:2      | Found a white marble altar of Elyvilon.
  2615 | D:3      | Reached XP level 4. HP: 16/23 MP: 4/9
  2629 | D:3      | Reached skill level 1 in Stealth
  2887 | D:3      | Found a glowing golden altar of the Shining One.
  2912 | D:3      | Reached skill level 5 in Translocations
  3127 | D:3      | Noticed Terence
  3183 | D:3      | Killed Terence
  3183 | D:3      | Reached skill level 1 in Charms
  3632 | D:3      | Found a sparkling altar of Nemelex Xobeh.
  3687 | D:3      | Found a hazy altar of Hepliaklqana.
  3741 | D:3      | Reached XP level 5. HP: 22/26 MP: 11/11
  3860 | D:3      | Learned a level 3 spell: Teleport Other
  3933 | D:3      | Noticed Gwenloh's ghost (amateur HuWr)
  4421 | D:3      | Slain by Gwenloh's ghost

Vault maps used:
D:1:      shiori_shiawase, serial_forest, infiniplex_forest_end_2,
          infiniplex_forest_clump_small, infiniplex_forest_clump_medium,
          infiniplex_forest_lined_room_, infiniplex_forest_clump_double,
          st_stairs_6, minmay_liquid_box, corexii_leaking_fountain,
          minmay_misc_feat_pillars, kennysheep_nondescript
D:2:      evilmike_ruin_ashenzari, nicolae_overflow_crystal_walls
D:3:      minmay_roachtagon, lemuel_zombie_altar_kikubaaqudgha,
          nemelex_xobeh_ov_fountains_minmay, lemuel_doored_altar,
          lemuel_crystal_altar, uniq_terence

Skill      XL: |  1  2  3  4  5 |
---------------+----------------+-----
Dodging        | 4 |  4.4
Short Blades   | 3 4 |  4.0
Spellcasting   | 3 |  3.5
Stealth        | 1 |  1.0
Translocations | 5 |  5.1
Charms         | 1 |  1.1
Fighting       | 2 |  2.0
Slings         | |  0.1
Throwing       | |  1.0

Action                   |  1- 3 |  4- 6 || total
-------------------------+-------+-------++-------
Melee: Short sword       |   178 |   175 ||   353
 Fire: Hunting sling     |       |    19 ||    19
Throw: Stone             |     4 |       ||     4
 Cast: Shroud of Golubri |     8 |     9 ||    17
       Gell's Gravitas   |     6 |     5 ||    11
       Blink             |     1 |       ||     1
  Use: Scroll            |     6 |     4 ||    10
       Potion            |     1 |     4 ||     5
 Stab: Sleeping          |     2 |     1 ||     3
  Eat: Royal jelly       |     1 |     1 ||     2
Armor: Robe              |    19 |    16 ||    35
Dodge: Dodged            |   144 |   175 ||   319

Table legend:
 A = Spawn XP
 B = Non-spawn XP
 C = Spawn XP percentage of total XP
 D = Spawn monster count
 E = Non-spawn monster count
 F = Spawn count percentage of total count
 G = Total turns spent on level
                    A         B        C        D         E        F      G
               +---------+---------+-------+---------+---------+-------+---------
         Total |       0 |     218 |   0.0 |       0 |      64 |   0.0 |  4421
               +---------+---------+-------+---------+---------+-------+---------
           D:1 |       0 |      19 |   0.0 |       0 |      12 |   0.0 |   965
           D:2 |       0 |      60 |   0.0 |       0 |      14 |   0.0 |  1495
           D:3 |       0 |     139 |   0.0 |       0 |      38 |   0.0 |  1961
               +---------+---------+-------+---------+---------+-------+---------
